 Dungeon Crawl Stone Soup version 0.16.1-11-g651b585 (webtiles) character file.

22184 hulla the Transmogrifier (level 12, -14/79 HPs)
             Began as an Octopode Transmuter on Apr 2, 2015.
             Was a High Priest of Makhleb.
             Demolished by a komodo dragon (28 damage)
             ... on level 5 of the Lair of Beasts.
             The game lasted 03:24:54 (21464 turns).

hulla the Transmogrifier (Octopode Transmuter)     Turns: 21464, Time: 03:24:54

Health: -14/79     AC:  2    Str: 10    XL:     12   Next: 97%
Magic:  33/37      EV: 32    Int: 19    God:    Makhleb [*****.]
Gold:   743        SH:  0    Dex: 18    Spells: 6 memorised, 7 levels left

rFire  + . .     SeeInvis .     a - melded +0 blowgun
rCold  . . .     Clarity  .     (shield currently unavailable)
rNeg   + . .     SustAb   .     (helmet currently unavailable)
rPois  .         Gourm    .     g - amulet of warding
rElec  .         Spirit   .     c - ring of poison resistance
rCorr  .         Warding  +     o - +1 ring of evasion
rMut   .         Stasis   .     u - ring of magical power
MR     +....                    N - +2 ring of slaying
Stlth  ++........               O - ring of protection from fire
                                S - ring of wizardry
                                i - +2 ring of evasion
                                f - ring of protection from magic

@: spider-form, somewhat resistant to hostile enchantments, unstealthy
A: almost no armour, amphibious, 8 rings, (constrict 8), (camouflage 0),
(gelatinous body 0)
a: End Transformation, Minor Destruction, Lesser Servant of Makhleb, Major
Destruction, Greater Servant of Makhleb, Renounce Religion


You were on level 5 of the Lair of Beasts.
You worshipped Makhleb.
Makhleb was extremely pleased with you.
You were not hungry.
You were a venomous arachnid creature.
You visited 3 branches of the dungeon, and saw 15 of its levels.
You also visited: Volcano.

You collected 1103 gold pieces.
You spent 360 gold pieces at shops.

Inventory:

Hand weapons
 a - a +0 blowgun (melded)
Missiles
 b - 130 arrows
 m - 154 stones
 n - 65 sling bullets
 w - 41 poisoned needles
 U - 6 needles of confusion
 X - a javelin (quivered)
Rods
 K - a +0 rod of the swarm (10/10)
   (You found it on level 6 of the Dungeon)
Jewellery
 c - a ring of poison resistance (left front leg)
 f - a ring of protection from magic (on tentacle)
 g - an amulet of warding (around neck)
 i - a +2 ring of evasion (on tentacle)
 k - an uncursed ring of invisibility
 o - a +1 ring of evasion (right front leg)
 u - a ring of magical power (on tentacle)
 L - an uncursed ring of ice
 N - a +2 ring of slaying (on tentacle)
 O - a ring of protection from fire (on tentacle)
 S - a ring of wizardry (on tentacle)
Magical devices
 v - a wand of lightning (6)
 J - a wand of fire (10)
 Z - a wand of frost (9)
Scrolls
 l - 2 scrolls of magic mapping
 s - 6 scrolls of remove curse
 y - 2 scrolls of identify
 C - a scroll of recharging
 D - 7 scrolls of teleportation
 P - a scroll of enchant armour
 Q - a scroll of fog
 W - 3 scrolls of enchant weapon
 Y - 2 scrolls of blinking
Potions
 e - 2 potions of brilliance
 t - 2 potions of resistance
 x - 2 potions of magic
 A - 4 potions of agility
 B - 2 potions of berserk rage
 G - 2 potions of curing
 H - 2 potions of cancellation
 M - 2 potions of might
Books
 d - a book of Changes

   Spells                             Type                      Level
   a - Beastly Appendage              Transmutation                1
   b - Sticks to Snakes               Transmutation                2
   c - Spider Form                    Transmutation/Poison         3
   d - Ice Form                       Ice/Transmutation            4
   e - Blade Hands                    Transmutation                5
 j - a book of Battle

   Spells                             Type                      Level
   a - Infusion                       Charms                       1
   b - Shroud of Golubria             Charms/Translocation         2
   c - Song of Slaying                Charms                       2
   d - Spectral Weapon                Hexes/Charms                 3
   e - Regeneration                   Charms/Necromancy            3
 p - a book of Dreams

   Spells                             Type                      Level
   a - Ensorcelled Hibernation        Hexes/Ice                    2
   b - Flight                         Charms/Air                   3
   c - Phase Shift                    Translocation                5
   d - Shadow Creatures               Summoning                    5
   e - Mass Confusion                 Hexes                        6
   f - Darkness                       Hexes                        7
 R - a book of the Dragon

   Spells                             Type                      Level
   a - Flight                         Charms/Air                   3
   b - Cause Fear                     Hexes                        4
   c - Bolt of Fire                   Conjuration/Fire             6
   d - Dragon Form                    Transmutation                7
   e - Dragon's Call                  Summoning                    9
 V - a book of Summonings

   Spells                             Type                      Level
   a - Abjuration                     Summoning                    3
   b - Recall                         Summoning/Translocation      3
   c - Shadow Creatures               Summoning                    5
   d - Summon Demon                   Summoning                    5
   e - Summon Forest                  Summoning/Translocation      5
   f - Monstrous Menagerie            Summoning                    6
Comestibles
 h - 3 fruits
 q - 2 chunks of flesh
 T - 20 bread rations


   Skills:
 - Level 6.0 Fighting
 - Level 9.0 Dodging
 - Level 6.0 Unarmed Combat
 + Level 7.8 Spellcasting
 * Level 14.7 Transmutations
 - Level 5.0 Poison Magic


You had 7 spell levels left.
You knew the following spells:

 Your Spells              Type           Power        Failure   Level  Hunger
a - Beastly Appendage     Trmt           ######       1%          1    None
b - Spider Form           Trmt/Pois      #####.....   1%          3    #......
c - Sticks to Snakes      Trmt           ######....   1%          2    None
d - Shroud of Golubria    Chrm/Tloc      #.........   16%         2    None
e - Ice Form              Ice/Trmt       #####...     7%          4    ###....
f - Dragon Form           Trmt           ######....   17%         7    #######


Dungeon Overview and Level Annotations

Branches:
Dungeon (9/15)             Temple (1/1) D:7            Lair (5/8) D:9
 Spider (0/5) Lair:5
  Swamp: Lair:3-6    Shoals: Lair:3-6       Orc: D:9-12

Altars:
Ashenzari
Cheibriados
Dithmenos
Gozag
Kikubaaqudgha
Makhleb
Nemelex Xobeh
Okawaru
Ru
Trog
Xom

Shops:
D:7 =   D:9 *

Annotations:
D:8 Grum
D:9 Gastronok
Lair:5 Rupert


Innate Abilities, Weirdness & Mutations

You cannot wear most types of armour.
You are amphibious.
You can wear up to eight rings at the same time.
((You can use your tentacles to constrict many enemies at once.))
((Your skin changes colour to match your surroundings (Stealth).))
((Your rubbery body absorbs attacks (AC +1).))


Message History

The komodo dragon closely misses you.
You hit the komodo dragon but do no damage.
The komodo dragon is heavily wounded.
The komodo dragon completely misses you.
You completely miss the komodo dragon.
The komodo dragon is heavily wounded.
You barely miss the komodo dragon.
The komodo dragon is heavily wounded.
The komodo dragon bites you!
Your shroud falls apart!
You bite the komodo dragon!
The komodo dragon is almost dead.
Your transformation has ended.
Your +0 blowgun unmelds from your body.
The komodo dragon bites you!!
* * * LOW HITPOINT WARNING * * *
Casting: Shroud of Golubria
Confirm with . or Enter, or press ? or * to list all spells.
You turn into a venomous arachnid creature.
Your +0 blowgun melds into your body.
The komodo dragon bites you!!
You die...

..###.........##........#
........................##
....##...................#
..#.........P##.+...>....#
.#.............##........#
#####........##.........##
# ##.......###.....P#.#
#........ ##....P###
.≈......###s#...###
≈....#.## #l##.....#
≈≈....# ##...........#
≈≈≈≈≈..# ##.............
≈≈≈≈....###..............
≈≈≈≈≈.>....#.............
.≈≈≈≈≈≈...##..#..........
.≈≈(≈≈≈≈...#............
..≈≈≈≈≈≈≈..##..........


You could see a komodo dragon.

Vanquished Creatures
  A hydra (Lair:4)
  An orb spider (Lair:5)
  Maurice (D:8)
  4 elephants (Lair:4)
  4 black mambas
  Psyche (D:7)
  6 spiny frogs
  7 komodo dragons
  2 fire drakes
  A two-headed ogre (Volcano)
  Grinder (D:5)
  Prince Ribbit (D:8)
  13 blink frogs
  5 yaks (Lair:1)
  2 basilisks
  A spriggan (D:7)
  4 hippogriffs
  13 wolves
  A deep elf fighter (D:9)
  2 hell hounds (Volcano)
  15 porcupines
  4 water moccasins
  2 orc warriors (D:7)
  3 black bears
  4 centaurs
  2 sky beasts
  A phantom (D:6)
  4 ogres
  10 crocodiles
  13 giant frogs
  A big kobold (D:8)
  4 scorpions
  An electric eel (Lair:5)
  4 goliath beetles
  2 giant frog zombies
  6 crimson imps
  2 centaur zombies
  2 quasits
  2 jellies (D:9)
  5 orc priests
  9 hounds
  Crazy Yiuf (D:4)
  3 giant frog skeletons
  4 orc wizards
  3 iguanas
  6 sheep (Lair:4)
  8 worker ants
  A hound zombie (D:5)
  Terence (D:3)
  A mummy (D:8)
  2 worker ant zombies
  6 gnolls (D:3)
  25 adders
  44 river rats
  2 shadow imps (D:5)
  A giant mite (D:4)
  4 worms
  8 giant geckos
  2 oozes
  29 orcs
  3 ball pythons
  36 bats
  A bat skeleton (D:3)
  13 goblins
  13 hobgoblins
  18 kobolds
  6 giant cockroaches
  7 giant newts
  10 jackals
  A jackal skeleton (D:5)
  14 quokkas
  A quokka zombie (D:7)
  31 rats
  3 ballistomycetes (D:8)
  2 fungi (Lair:4)
  3 plants
480 creatures vanquished.

Vanquished Creatures (collateral kills)
  A hydra (Lair:2)
  2 ice beasts (D:5)
  A sky beast (D:6)
  A gnoll (D:3)
  An orc (D:7)
6 creatures vanquished.

Vanquished Creatures (others)
  A two-headed ogre (Volcano)
  2 centaurs (Volcano)
  A giant spore (D:8)
4 creatures vanquished.

Grand Total: 490 creatures vanquished

Notes
Turn   | Place    | Note
--------------------------------------------------------------
     0 | D:1      | hulla, the Octopode Transmuter, began the quest for the Orb.
     0 | D:1      | Reached XP level 1. HP: 13/13 MP: 3/3
   187 | D:1      | Reached XP level 2. HP: 13/18 MP: 4/4
   693 | D:1      | Reached XP level 3. HP: 20/23 MP: 6/6
   698 | D:1      | Learned a level 3 spell: Spider Form
   701 | D:1      | Learned a level 2 spell: Sticks to Snakes
   781 | D:1      | Reached skill level 1 in Poison Magic
  1499 | D:2      | Reached XP level 4. HP: 18/28 MP: 3/7
  2322 | D:3      | Reached skill level 4 in Poison Magic
  2322 | D:3      | Reached XP level 5. HP: 7/33 MP: 6/9
  2704 | D:3      | Noticed Terence
  2721 | D:3      | Killed Terence
  3410 | D:3      | Reached skill level 5 in Poison Magic
  3592 | D:4      | Reached XP level 6. HP: 24/38 MP: 8/10
  4363 | D:4      | Noticed Crazy Yiuf
  4377 | D:4      | Killed Crazy Yiuf
  4745 | D:4      | Found a sparkling altar of Nemelex Xobeh.
  4777 | D:4      | Reached XP level 7. HP: 31/43 MP: 7/12
  4847 | D:4      | HP: 2/43 [orc wizard/dagger (4)]
  4852 | D:4      | HP: 2/43 [orc wizard/puff of frost (10)]
  5053 | D:4      | Found a sparkling altar of Nemelex Xobeh.
  5095 | D:4      | Found a shattered altar of Ashenzari.
  5099 | D:4      | Found an iron altar of Okawaru.
  5543 | D:5      | Entered Level 5 of the Dungeon
  5698 | D:4      | Reached skill level 5 in Transmutations
  5924 | D:5      | Found a shimmering altar of Xom.
  5930 | D:5      | Found a snail-covered altar of Cheibriados.
  6637 | D:5      | Reached skill level 5 in Dodging
  6777 | D:5      | Noticed Grinder
  6795 | D:5      | Killed Grinder
  6795 | D:5      | Reached skill level 6 in Transmutations
  6795 | D:5      | Reached XP level 8. HP: 13/48 MP: 10/13
  7513 | D:6      | Reached skill level 7 in Dodging
  7687 | D:6      | Identified a +0 rod of the swarm (10/10) (You found it on level 6 of the Dungeon)
  8124 | D:5      | Reached skill level 8 in Dodging
  8529 | D:5      | Reached XP level 9. HP: 37/53 MP: 6/14
  9175 | D:5      | Reached skill level 9 in Dodging
  9632 | D:6      | Found a shadowy altar of Dithmenos.
 10792 | D:7      | Reached skill level 5 in Fighting
 10792 | D:7      | Reached skill level 5 in Unarmed Combat
 11166 | D:7      | Found Mnosm's Jewellery Emporium.
 11182 | D:7      | Bought an uncursed ring of wizardry for 360 gold pieces
 11655 | D:7      | Found a staircase to the Ecumenical Temple.
 11661 | Temple   | Entered the Ecumenical Temple
 11678 | Temple   | Became a worshipper of Makhleb the Destroyer
 11808 | D:8      | Reached XP level 10. HP: 63/68 MP: 16/16
 11817 | D:8      | Noticed Maurice
 11856 | D:8      | Noticed Psyche
 11869 | D:7      | Killed Psyche
 12489 | D:8      | Killed Maurice
 12721 | D:8      | Learned a level 2 spell: Shroud of Golubria
 13160 | D:8      | Noticed Prince Ribbit
 13170 | D:8      | Killed Prince Ribbit
 13170 | D:8      | Acquired Makhleb's first power
 13305 | D:8      | Noticed Grum
 13617 | D:9      | Found Wumaocukua's General Store.
 13653 | D:9      | Noticed Gastronok
 14129 | D:9      | Found a staircase to the Lair.
 14142 | D:9      | Acquired Makhleb's second power
 14162 | Lair:1   | Entered Level 1 of the Lair of Beasts
 14388 | Lair:1   | Reached skill level 10 in Transmutations
 14878 | Lair:1   | Reached XP level 11. HP: 32/72 MP: 13/18
 14909 | Lair:1   | Learned a level 4 spell: Ice Form
 15050 | Lair:1   | Noticed a black mamba
 15059 | Lair:1   | Killed a black mamba
 15511 | Lair:1   | Reached skill level 11 in Transmutations
 15536 | Lair:1   | Noticed a seven-headed hydra
 15694 | Lair:2   | Acquired Makhleb's third power
 15815 | Lair:2   | Found a burning altar of Makhleb.
 16024 | Lair:2   | Noticed a seven-headed hydra
 16036 | Lair:2   | Killed a seven-headed hydra
 16352 | Lair:2   | Reached skill level 12 in Transmutations
 16541 | Lair:2   | Reached skill level 5 in Spellcasting
 17234 | Lair:2   | Acquired Makhleb's fourth power
 17441 | Lair:3   | Found a dark tunnel.
 17463 | Volcano  | Entered a volcano
 17694 | Volcano  | Noticed Zappman321's ghost (powerful HOFi)
 17726 | Volcano  | Reached XP level 12. HP: 70/79 MP: 25/25
 18248 | Lair:3   | Reached skill level 13 in Transmutations
 18835 | Lair:4   | Identified a scroll of acquirement
 19418 | Lair:4   | Noticed a six-headed hydra
 19479 | Lair:4   | Learned a level 7 spell: Dragon Form
 19680 | Lair:4   | Acquired Makhleb's fifth power
 19851 | Lair:4   | Reached skill level 14 in Transmutations
 19944 | Lair:4   | Killed a 11-headed hydra
 20560 | Lair:5   | Noticed Rupert
 20922 | Lair:5   | Found a hole to the Spider Nest.
 21464 | Lair:5   | Demolished by a komodo dragon

Action                   |  1- 3 |  4- 6 |  7- 9 | 10-12 || total
-------------------------+-------+-------+-------+-------++-------
Melee: Unarmed           |    78 |   167 |   450 |   944 ||  1639
       Mace              |    12 |       |       |       ||    12
 Fire: Hunting sling     |       |       |     6 |       ||     6
       Blowgun           |       |       |    14 |   103 ||   117
Throw: Tomahawk          |    15 |    11 |    22 |       ||    48
       Javelin           |       |    14 |    43 |     2 ||    59
       Stone             |       |     2 |    23 |     5 ||    30
 Cast: Beastly Appendage |    12 |    15 |    22 |     9 ||    58
       Spider Form       |     1 |    14 |    53 |    56 ||   124
       Sticks to Snakes  |       |       |    15 |    13 ||    28
       Shroud of Golubri |       |       |       |    51 ||    51
       Ice Form          |       |       |       |    25 ||    25
       Dragon Form       |       |       |       |     2 ||     2
 Abil: End Transformatio |       |     4 |     8 |    14 ||    26
Evoke: Rod               |       |       |     2 |       ||     2
  Use: Scroll            |     6 |     3 |     2 |    22 ||    33
       Potion            |     1 |     1 |     2 |     8 ||    12
 Stab: Sleeping          |     3 |     2 |     4 |    16 ||    25
       Distracted        |       |       |     1 |     2 ||     3
  Eat: Chunk             |     2 |    12 |    30 |    42 ||    86
       Beef jerky        |       |       |     1 |       ||     1
